AoeStats
← vfbjakob123

Pilgrims

509431644Analyzed
3v3 RM · 6d ago on Sep 26, 2026· 46m 14s· 6 players
Game mode
Random Map
Map size
Normal (6 player)
Population
200
Speed
Normal
Resources
Standard
Victory
Conquest
Starting age
Dark Age
Ending age
Imperial Age
RankedLock teamsTeams togetherTeam positionsShared explorationLock speedFull tech treeHidden civsTurbo modeCheats
Victory
Defeat
974
+13
973
+13
🇵🇪 Magyars · Peru
960
+13
🇩🇪 Burgundians · Germany
932
-15
🇩🇪 Poles · Germany
928
-14
🇩🇪 Japanese · Germany
837
-10
Peter_Lustig
7:06 Loom
11:37 Feudal Age
10:24 Double-Bit Axe
15:57 Castle Age
14:51 Wheelbarrow
14:51 Horse Collar
16:27 Town Watch
17:02 Bow Saw
18:13 Heavy Plow
19:13 Scale Barding Armor
19:19 Forging
19:10 Gold Mining
19:59 Husbandry
26:44 Cavalier
28:13 Hand Cart
32:06 Light Cavalry
36:02 Imperial Age
34:34 Chain Barding Armor
36:09 Hussar
39:29 Plate Barding Armor
39:29 Iron Casting
39:12 Paladin
vfbjakob123
11:51 Feudal Age
16:40 Castle Age
15:09 Double-Bit Axe
15:05 Horse Collar
18:49 Bow Saw
20:41 Gold Mining
27:51 Scale Barding Armor
31:11 Bloodlines
31:02 Husbandry
33:41 Forging
34:40 Wheelbarrow
33:56 Loom
38:51 Imperial Age
39:39 Cavalier
40:42 Chain Barding Armor
40:58 Iron Casting
39:47 Elite Skirmisher
felix
15:22 Feudal Age
16:00 Double-Bit Axe
29:22 Castle Age
29:29 Castle Age
27:45 Horse Collar
29:47 Pikeman
30:35 Crossbowman
44:24 Padded Archer Armor
ivgash
9:39 Loom
16:14 Feudal Age
17:58 Wheelbarrow
17:19 Double-Bit Axe
19:47 Castle Age
17:41 Fishing Lines
18:15 Scale Barding Armor
19:39 Bloodlines
21:17 Wheelbarrow
20:25 Horse Collar
20:57 Bow Saw
21:05 Gillnets
21:33 Heavy Plow
23:11 Hand Cart
23:06 Gold Mining
26:25 Imperial Age
24:38 Fletching
26:05 Bodkin Arrow
26:23 Thumb Ring
26:42 Padded Archer Armor
28:04 Parthian Tactics
31:14 Heavy Cavalry Archer
32:23 Ballistics
34:04 Hoardings
35:54 Conscription
37:17 Two-Man Saw
36:49 Crop Rotation
38:22 Gold Shaft Mining
39:26 Chemistry
39:13 Light Cavalry
42:20 Hussar
43:59 Leather Archer Armor
46:15 Ring Archer Armor
45:46 Bracer
Peppenjaimer (rovastar99)
7:12 Loom
11:09 Feudal Age
13:14 Double-Bit Axe
18:57 Castle Age
17:23 Scale Barding Armor
17:29 Forging
20:06 Gold Mining
27:07 Chain Barding Armor
26:53 Husbandry
27:52 Gold Shaft Mining
27:04 Pikeman
31:59 Iron Casting
35:38 Imperial Age
33:18 Scale Mail Armor
33:28 Stone Mining
35:34 Halberdier
35:53 Man-at-Arms
36:34 Squires
36:23 Gambesons
36:42 Cavalier
40:46 Blast Furnace
40:02 Chain Mail Armor
41:38 Savar
Aye-Aye [LDKoala] - modo furioso
11:39 Feudal Age
10:27 Loom
13:01 Double-Bit Axe
15:39 Castle Age
14:20 Fletching
16:31 Bodkin Arrow
17:21 Bow Saw
16:54 Horse Collar
19:16 Ballistics
20:57 Town Watch
21:48 Wheelbarrow
30:23 Scale Mail Armor
30:33 Forging
30:41 Heavy Plow
30:20 Pikeman
34:14 Squires
34:00 Arson
37:51 Imperial Age
36:39 Hand Cart
38:23 Chain Mail Armor
38:48 Iron Casting
38:00 Halberdier
39:12 Conscription
38:20 Hamask
41:22 Elite Jomsviking
45:28 Plate Mail Armor
45:58 Blast Furnace
44:59 Bracer
45:00 Padded Archer Armor
46:17 Hoardings
Connection lost

Rejoining the realm…

Still unreachable

The connection could not be restored.

Session expired

The server has moved on; the page needs a fresh start.